cohdb
Replays
Latest Replays
All Replays
Popular Replays
Top Player Replays
Match Explorer
How It Works
Community
CoH3 Stats
Reddit
Sign in to upload your games and track your stats! →
Sign in with Steam
Match 41017057
Unlisted
Match 41017057
Overview
Messages
Build Orders
End
Panzergrenadier Squad
Selects Panzerjäger Kommand Battlegroup
Selects Mine Fields
250 Light Carrier
Panzerpioneer Squad
Construct Light Support Kompanie
Panzerjäger Squad
Combat Half-tracks
Construct Mechanized Kompanie
Assault Mechanized Group
Selects Tank Busters
8 Rad Armored Car
Vehicle Survival Package
254 Reconnaissance Tractor
Selects Crew Shock Tactics
Construct Panzerarmee Kommand
Panzer III L Medium Tank
Emergency Repair Kits
Assault Mechanized Group
Selects Anti-tank Overwatch
Selects Defensive Positions
Panzerpioneer Squad
2.5-tonne Medical Truck
Armored Reserves
Selects Butterfly Bomb Drop
Butterfly Bomb Drop
Rapid Advance
JShreddy
Undying Kaiser
Vampire Prince
Junta Power
BloodSpark
Cons01
0
0
Comments
sign in to comment!
No comments posted yet!